Map: Dusk Towers

Players

Jason

  • Race: Terran Terran
  • League: Grandmaster

llllllllllll - Winner!

  • Race: Terran Terran
  • League: Master

VOD

Have the link to the VOD?

Description

Time

  • Played on: Jan. 20, 2016, 10:28 p.m.
  • Length: 13:51
Show
View Real Time Build Order
Export as new Build Order

Jason Terran 

Build Orders: Bio Tank 

Get SALT Encoding   

  12  0:01  SCV  
  13  0:13  SCV  
  14  0:17  Supply Depot  
  14  0:25  SCV  
  15  0:38  SCV  
  15  0:40  Barracks  
  16  0:44  Refinery  
  16  0:51  SCV  
  17  1:03  SCV  
  18  1:15  SCV  
  19  1:27  Barracks Reactor  
  19  1:28  Orbital Command  
  19  1:42  Command Center  
  19  1:52  Supply Depot  
  20  1:54  SCV  
  20  2:03  Reaper  
  20  2:04  Reaper  
  20  2:06  SCV  
  23  2:11  Refinery  
  23  2:18  SCV  
  24  2:30  SCV  
  24  2:35  Marine  
  24  2:36  Marine  
  27  2:38  Factory  
  27  2:42  SCV  
  28  2:54  Orbital Command  
  28  2:55  Marine x2  
  28  2:57  SCV  
  31  3:09  SCV  
  32  3:14  Command Center  
  32  3:20  Marine x2  
  32  3:21  SCV  
  32  3:23  SCV  
  36  3:30  Starport  
  36  3:32  Factory Tech Lab  
  36  3:33  SCV  
  37  3:35  SCV  
  38  3:46  SCV, Marine x2  
  38  3:47  SCV  
  40  3:56  Cyclone  
  40  3:58  SCV  
  40  3:59  SCV, Engineering Bay  
  45  4:09  Marine  
  46  4:16  Supply Depot  
  46  4:20  Supply Depot  
  46  4:25  Marine, SCV x2, Viking  
  46  4:26  Orbital Command  
  46  4:27  Missile Turret  
  46  4:30  Missile Turret  
  51  4:35  Marine  
  51  4:37  SCV, Siege Tank  
  56  4:39  SCV  
  57  4:49  Barracks  
  57  4:50  SCV  
  57  4:51  SCV  
  57  4:52  SCV  
  60  4:54  Barracks  
  60  4:59  Marine x2  
  61  5:02  SCV, Viking  
  65  5:08  SCV  
  65  5:09  SCV  
  65  5:14  SCV, Refinery  
  65  5:15  Refinery  
  65  5:18  Siege Tank  
  65  5:20  SCV  
  65  5:21  Supply Depot  
  69  5:24  SCV  
  69  5:27  SCV  
  71  5:31  Supply Depot  
  71  5:33  SCV  
  71  5:35  Starport Reactor  
  72  5:37  Barracks Tech Lab  
  72  5:38  SCV  
  72  5:41  Barracks Tech Lab  
  73  5:44  Terran Infantry Weapons Level 1  
  73  5:45  SCV, Barracks  
  73  5:47  SCV  
  75  5:50  Marine x2  
  75  5:55  Siege Tank  
  75  5:56  Marine  
  81  5:57  SCV, Stimpack  
  81  5:58  Orbital Command  
  81  6:02  Combat Shields  
  81  6:03  SCV  
  83  6:04  Barracks  
  83  6:08  Marauder  
  83  6:09  SCV  
  86  6:15  SCV  
  86  6:16  Marine x2  
  86  6:17  Marauder  
  91  6:22  SCV  
  91  6:34  SCV x2  
  91  6:39  Supply Depot  
  93  6:40  Supply Depot  
  93  6:41  Supply Depot  
  93  6:44  SCV, Barracks Tech Lab  
  93  6:49  Supply Depot  
  93  6:57  Sensor Tower  
  93  6:58  Sensor Tower  
  93  7:01  Marine x2, SCV x3, Marauder  
  100  7:02  Medivac x2, Siege Tank  
  100  7:06  Supply Depot, Marauder  
  109  7:11  Concussive Shells  
  109  7:12  Barracks Tech Lab, Marauder  
  109  7:13  SCV x3  
  114  7:19  Refinery  
  114  7:20  Marine x2, Refinery  
  116  7:23  Marauder  
  116  7:25  SCV x3  
  116  7:26  Supply Depot x2  
  116  7:28  Marauder  
  123  7:33  Medivac x2  
  123  7:36  Marine x2  
  129  7:37  SCV x2  
  129  7:38  SCV  
  129  7:41  Marine  
  129  7:43  Armory  
  133  7:47  Marine, Engineering Bay  
  133  7:48  Marauder  
  133  7:49  Marine, SCV, Supply Depot  
  138  7:53  Supply Depot  
  138  7:54  Supply Depot  
  138  7:56  Marine, Marauder  
  141  7:59  Marine, Siege Tank  
  141  8:05  Marine  
  146  8:06  Factory  
  146  8:07  Marauder  
  146  8:11  Medivac, Marauder  
  152  8:13  Marine  
  152  8:16  Marine  
  152  8:18  Marauder  
  156  8:22  Terran Infantry Armor Level 1  
  156  8:23  Marine  
  157  8:27  Supply Depot  
  157  8:29  Supply Depot, Marauder  
  157  8:32  Marine, Marauder  
  157  8:33  Terran Infantry Weapons Level 2  
  162  8:34  Marine  
  162  8:38  Marine  
  162  8:41  Marine, Terran Vehicle Weapons Level 1  
  165  8:50  Marauder x2  
  150  8:56  Marine, Marauder  
  150  8:58  Marine, Marauder  
  150  9:00  Siege Tank  
  150  9:01  Medivac  
  150  9:02  SCV  
  126  9:04  Factory Tech Lab  
  122  9:10  Command Center  
  122  9:11  Marine  
  122  9:12  Marauder  
  122  9:13  Marine  
  122  9:16  Marine  
  127  9:17  Marine  
  127  9:20  Marauder  
  127  9:23  Siege Tank  
  133  9:24  Medivac  
  133  9:29  Marauder  
  137  9:31  Marine  
  137  9:35  Marine, Siege Tank, Barracks  
  137  9:37  Marine, Barracks  
  137  9:38  Marine, Barracks  
  144  9:41  Marauder  
  146  9:49  Marine  
  146  9:50  Marine  
  148  9:53  Marine  
  148  9:55  Supply Depot  
  148  9:56  Medivac x2, Supply Depot, Marauder x2  
  148  9:57  Siege Tank  
  160  10:02  Marine  
  161  10:07  Marine  
  161  10:08  Marauder  
  161  10:10  Siege Tank  
  161  10:12  Marine  
  161  10:13  Command Center  
  168  10:17  Marine, Marauder  
  171  10:25  Marine  
  171  10:26  Marauder  
  171  10:28  Marine  
  175  10:29  Medivac x2  
  175  10:30  Siege Tank, Marauder  
  175  10:32  Marine x3  
  175  10:33  Sensor Tower  
  175  10:35  Marauder  
  189  10:42  Terran Infantry Armor Level 2  
  188  10:45  Marine x2  
  188  10:46  Marine  
  188  10:47  Marauder  
  193  10:50  Marine  
  193  10:51  Marauder  
  193  10:54  Refinery  
  196  10:57  Refinery  
  196  11:03  Marine x2  
  196  11:04  Marauder  
  197  11:07  Planetary Fortress  
  197  11:15  Marine, Marauder  
  200  11:27  Orbital Command  
  200  11:33  Barracks Tech Lab x3  
  200  11:35  Command Center  
  200  11:54  Command Center  
  200  11:56  Command Center  
  193  12:06  Marine, Marauder  
  193  12:07  Marine x3, Marauder x2  
  193  12:08  Marine, Marauder  
  116  12:09  Medivac  
  116  12:10  Siege Tank  
  116  12:12  Siege Tank  
  110  12:24  Marine  
  110  12:25  Marine x3  
  110  12:26  Medivac, Marauder  
  118  12:32  Marine, Marauder  
  121  12:39  Marine x2, Medivac  
  121  12:41  Marine  
  121  12:43  SCV, Marine, Marauder  
  131  12:44  SCV x3  
  131  12:48  Marine  
  131  12:49  Marauder  
  131  12:50  Siege Tank  
  139  12:54  Siege Tank  
  139  12:57  Marine x2  
  139  12:58  Marauder  
  126  13:07  Marine x2  
  126  13:08  Marauder  
  126  13:12  Medivac x2  
  131  13:16  Marine, Marauder  
  131  13:17  Marine, Marauder  
  131  13:19  Marine x2  
  139  13:25  Marine  
  140  13:29  Marauder  
  140  13:32  Marine  
  127  13:37  SCV  
  127  13:38  SCV  
Show
View Real Time Build Order
Export as new Build Order

llllllllllll Terran - Winner!

Build Orders: Liberator Opening, Mech 

Get SALT Encoding   

  12  0:01  SCV  
  13  0:13  SCV  
  14  0:18  Supply Depot  
  14  0:25  SCV  
  15  0:39  SCV  
  15  0:40  Barracks  
  16  0:51  SCV  
  16  0:53  Refinery  
  17  1:04  SCV  
  18  1:16  SCV  
  19  1:29  Orbital Command  
  19  1:40  Command Center  
  19  1:54  Supply Depot  
  19  1:55  SCV  
  19  2:00  Factory  
  20  2:07  SCV  
  21  2:13  Barracks Reactor  
  21  2:19  SCV  
  22  2:27  Refinery  
  22  2:31  SCV  
  23  2:43  SCV  
  24  2:51  Starport  
  24  2:53  Hellion  
  24  2:54  Hellion  
  24  2:55  Orbital Command  
  24  2:57  SCV  
  29  3:09  SCV  
  29  3:11  Barracks Tech Lab  
  29  3:12  Liberator  
  30  3:15  Hellion x2  
  30  3:16  Supply Depot  
  34  3:21  SCV x2  
  39  3:34  SCV x2  
  39  3:39  Supply Depot  
  41  3:43  Hellion x2  
  45  3:52  SCV  
  46  3:58  SCV  
  47  4:04  SCV  
  48  4:17  Command Center  
  48  4:19  SCV x2, Factory  
  48  4:22  Hellion  
  48  4:23  Hellion  
  54  4:25  Barracks Reactor  
  54  4:38  SCV x2  
  56  4:43  Viking  
  56  4:44  Hellion  
  56  4:45  Hellion  
  62  4:52  Factory  
  62  4:55  Supply Depot x2  
  62  4:59  Refinery  
  62  5:00  Refinery  
  62  5:11  SCV x2  
  61  5:20  Infernal Pre-Igniter  
  61  5:21  Hellion  
  63  5:23  SCV x2  
  63  5:28  Barracks Tech Lab  
  65  5:32  Orbital Command  
  65  5:35  SCV x2, Viking x2  
  71  5:44  Engineering Bay  
  71  5:47  SCV x2, Armory  
  73  5:59  SCV x2  
  73  6:00  SCV  
  76  6:07  Viking x2  
  80  6:11  SCV x2  
  80  6:13  SCV  
  83  6:23  SCV x2  
  83  6:25  SCV  
  78  6:35  SCV  
  78  6:36  Siege Tank  
  78  6:37  Siege Tank  
  78  6:38  Hellion x2  
  78  6:39  SCV  
  89  6:40  SCV  
  89  6:41  Terran Vehicle Weapons Level 1  
  89  6:45  Factory  
  89  6:47  Factory  
  89  6:51  SCV, Refinery  
  89  6:52  Refinery  
  90  6:55  Missile Turret  
  90  6:57  Missile Turret x2  
  90  7:00  Missile Turret  
  90  7:03  SCV x2, Sensor Tower  
  92  7:10  Missile Turret  
  92  7:11  Missile Turret  
  92  7:22  SCV  
  93  7:26  SCV, Hellion x2, Siege Tank  
  93  7:27  Supply Depot  
  93  7:28  Supply Depot  
  101  7:30  Supply Depot  
  101  7:39  Factory Tech Lab  
  101  7:40  Factory Reactor  
  101  7:45  Command Center  
  101  7:48  SCV, Siege Tank, Viking x2  
  101  7:50  SCV  
  110  7:52  Supply Depot x2  
  110  7:53  Hi-Sec Auto Tracking  
  110  8:04  Sensor Tower  
  110  8:05  SCV x3, Missile Turret  
  113  8:09  Siege Tank x2  
  119  8:13  Hellion x2  
  119  8:18  SCV x3  
  126  8:22  Siege Tank  
  127  8:29  Hellion x2  
  127  8:33  Viking  
  133  8:34  Hellion  
  133  8:35  Hellion, Viking  
  133  8:40  Terran Vehicle Weapons Level 2  
  139  8:49  Supply Depot x2  
  139  8:50  Supply Depot  
  139  8:55  Siege Tank  
  126  9:08  Medivac x2  
  126  9:09  Siege Tank x2  
  140  9:10  Hellion x3  
  140  9:11  Hellion  
  140  9:14  Armory  
  144  9:21  Planetary Fortress  
  144  9:30  Command Center  
  144  9:35  Command Center  
  144  9:42  Building Armor  
  144  9:44  Refinery  
  144  9:47  Refinery  
  144  9:51  Siege Tank  
  144  9:52  Siege Tank x2  
  153  9:54  Hellion x2  
  153  9:55  Hellion  
  159  10:02  Hellion x11  
  159  10:04  SCV  
  160  10:09  Terran Vehicle And Ship Armor Level 1  
  160  10:11  Starport  
  160  10:16  Missile Turret, Starport  
  159  10:30  Siege Tank x3  
  159  10:31  Hellion x4  
  159  10:32  Medivac  
  178  10:35  Medivac  
  178  10:41  Supply Depot  
  180  11:04  Refinery  
  160  11:05  Refinery  
  160  11:06  Sensor Tower  
  160  11:08  Missile Turret  
  160  11:09  Siege Tank x3  
  160  11:10  Hellion x4  
  160  11:11  Medivac x2  
  181  11:12  Medivac  
  181  11:13  Medivac  
  185  11:23  Planetary Fortress  
  184  11:26  SCV x2  
  184  11:27  SCV x2  
  188  11:54  Siege Tank  
  188  11:55  Hellion, Siege Tank x2, Starport Tech Lab  
  188  11:56  Starport Tech Lab  
  199  12:07  Liberator  
  184  12:18  Hellion x3  
  184  12:20  Banshee x2, Cloaking Field  
  196  12:25  Fusion Core  
  199  12:53  Refinery  
  199  12:56  Planetary Fortress  
  199  12:57  Refinery  
  192  13:12  Siege Tank  
  192  13:13  Hellion, Siege Tank x2  
Tags
 
Add a new tag
Caveats
  • Supply blocks, unpowered buildings, or Contaminate may cause inaccurate times.
  • Supply counts are checked every 10 seconds.